AoeStats
← OMEN 7776698

Arabia

510131822Analyzed
1v1 RM · 23h ago on Sep 29, 2026· 52m 6s· 2 players
Game mode
Random Map
Map size
Tiny (2 player)
Population
200
Speed
Normal
Resources
Standard
Victory
Conquest
Starting age
Dark Age
Ending age
Imperial Age
RankedLock teamsTeams togetherTeam positionsShared explorationLock speedFull tech treeHidden civsTurbo modeCheats
Victory
Defeat
🇳🇴 Huns · Norway
539
+21
🇷🇺 Vietnamese · Russia
648
-21
OMEN 7776698
1:07 Loom
12:06 Feudal Age
13:19 Double-Bit Axe
16:09 Horse Collar
17:42 Wheelbarrow
16:57 Town Watch
18:57 Scale Barding Armor
19:03 Forging
18:47 Gold Mining
21:16 Castle Age
23:00 Bow Saw
23:08 Hand Cart
23:39 Gold Shaft Mining
23:41 Town Patrol
26:34 Fletching
26:45 Padded Archer Armor
28:21 Stone Mining
29:24 Ballistics
29:04 Bodkin Arrow
30:11 Heavy Plow
31:05 Leather Archer Armor
30:58 Thumb Ring
35:45 Bloodlines
35:36 Husbandry
39:23 Imperial Age
38:57 Chain Barding Armor
39:12 Iron Casting
41:42 Bracer
42:47 Chemistry
41:13 Heavy Cavalry Archer
42:19 Parthian Tactics
42:40 Conscription
43:32 Two-Man Saw
43:09 Elite Tarkan
44:41 Plate Barding Armor
45:07 Blast Furnace
44:16 Cavalier
45:32 Guilds
A V A N G A R D
5:58 Loom
10:50 Feudal Age
11:26 Double-Bit Axe
12:49 Town Watch
13:54 Horse Collar
19:35 Castle Age
17:45 Gold Mining
18:53 Stone Mining
19:27 Man-at-Arms
20:39 Bow Saw
20:41 Squires
21:53 Heavy Plow
22:33 Wheelbarrow
23:50 Stone Shaft Mining
23:58 Arson
25:24 Hand Cart
24:49 Pikeman
26:28 Forging
28:40 Scale Mail Armor
28:46 Scale Barding Armor
34:25 Imperial Age
32:36 Husbandry
33:41 Masonry
33:13 Treadmill Crane
34:09 Town Patrol
34:16 Long Swordsman
34:28 Cavalier
34:37 Elite Fire Lancer
36:08 Paper Money
36:39 Iron Casting
37:20 Crop Rotation
38:50 Two-Man Saw
39:06 Chain Mail Armor
38:38 Capped Ram
41:04 Fletching
41:15 Padded Archer Armor
43:15 Hoardings
43:14 Elite Rattan Archer
43:34 Elite Skirmisher
44:23 Thumb Ring
47:58 Siege Engineers
47:48 Heated Shot
47:49 Guard Tower
48:36 Siege Engineers
50:52 Ballistics
51:06 Imperial Skirmisher
Connection lost

Rejoining the realm…

Still unreachable

The connection could not be restored.

Session expired

The server has moved on; the page needs a fresh start.